 Dungeon Crawl Stone Soup version 0.31.0-32-g396128a36d (webtiles) character file.

Game seed: 9640461744104467535

48 Zeor the Apothecary (level 3, 0/21 HPs)
             Began as an Octopode Alchemist on Apr 24, 2024.
             Slain by an orc wizard
             ... wielding a +0 dagger
              (4 damage)
             ... on level 3 of the Dungeon.
             The game lasted 00:05:59 (1734 turns).

Zeor the Apothecary (Octopode Alchemist)            Turns: 1734, Time: 00:06:00

Health: 0/21       AC:  1    Str:  7    XL:     3   Next: 72%
Magic:  4/6        EV: 13    Int: 19    God:
Gold:   77         SH:  0    Dex: 12    Spells: 0/6 levels left

rFire   . . .        b - +1 short sword
rCold   . . .        (no shield)
rNeg    . . .        (helmet restricted)
rPois   .            (no amulet)
rElec   .            (no ring)
rCorr   .            (no ring)
SInv    .            (no ring)
Will    .....        (no ring)
Stlth   +++          (no ring)
HPRegen 0.23/turn    (no ring)
MPRegen 0.10/turn    (no ring)
                     (no ring)

%: no passive effects
@: no status effects
A: almost no armour, amphibious, 8 rings, camouflage 1, gelatinous body 1,
(nimble swimmer 1), tentacles
a: no special abilities


You were on level 3 of the Dungeon.
You visited 1 branch of the dungeon, and saw 3 of its levels.

You collected 77 gold pieces.

Inventory:

Hand Weapons
 b - a +1 short sword (weapon)
Wands
 g - a wand of digging (6)
Scrolls
 f - a scroll of enchant weapon
Potions
 a - a potion of magic
 c - 2 potions of curing
 d - a potion of heal wounds
 e - a potion of lignification {unknown}


   Skills:
 + Level 0.1 Fighting
 + Level 2.0 Dodging
 + Level 3.0 Stealth
 + Level 2.2 Spellcasting
 + Level 1.2 Conjurations
 + Level 0.1 Air Magic
 * Level 4.5 Alchemy


You couldn't memorise any spells.
You knew the following spells:

 Your Spells              Type           Power      Damage    Failure   Level
m - Mephitic Cloud        Conj/Alch/Air  9%         N/A       22%         3
s - Sting                 Conj/Alch      52%        1d6       4%          1
v - Mercury Vapours       Alch/Air       20%        N/A       10%         2

Your spell library contained the following spells:

 Spells                   Type           Power      Damage    Failure   Level
 Ensorcelled Hibernation  Hex/Ice        4%         N/A       26%         2
 Olgreb's Toxic Radiance  Alch           19%        N/A       26%         4
 Fugue of the Fallen      Necr           2%         N/A       45%         3
 Summon Ice Beast         Ice/Summ       2%         N/A       45%         3
 Sticky Flame             Fire/Alch      10%        2d5       54%         4
 Anguish                  Hex/Necr       1%         N/A       86%         4
 Summon Mana Viper        Hex/Summ       2%         N/A       99%         5
 Monstrous Menagerie      Summ           1%         N/A       100%        7


Dungeon Overview and Level Annotations

Branches:
Dungeon (3/15)

Altars:


Innate Abilities, Weirdness & Mutations

You cannot wear most types of armour.
You are amphibious.
You can wear up to eight rings at the same time.
Your skin changes colour to match your surroundings (Stealth+).
Your rubbery body absorbs attacks. (AC +1, EV +1)
((You are camouflaged when in or above water. (Stealth+)))
You have tentacles for arms and can constrict up to eight enemies at once.


Message History

The orc wizard gestures at you while chanting.
You resist with significant effort.
You feel better.
You barely miss the orc wizard. Your grab misses the orc wizard.
The orc wizard closely misses you.
You hit the orc wizard. Your grab misses the orc wizard.
The orc wizard is lightly wounded.
The rat completely misses you.
The orc wizard hits you with a +0 dagger.
You closely miss the orc wizard. You grab the orc wizard.
The orc wizard is lightly wounded.
You constrict the orc wizard, but do no damage.
The rat bites you. The orc wizard casts a spell at you.
The magic dart hits you.
You hit the rat but do no damage. You grab the rat. You squeeze the rat.
The rat is moderately wounded.
You constrict the orc wizard.
You constrict the rat, but do no damage.
The rat closely misses you.
The orc wizard hits you with a +0 dagger.
You hit the rat.
You kill the rat!
You constrict the orc wizard.
The orc unwields a +0 orcbow.
The orc wields a +0 dagger.
The orc closely misses you.
The orc wizard hits you with a +0 dagger.
* * * LOW HITPOINT WARNING * * *
Your magical contamination has completely faded away.
You hit the orc but do no damage. You grab the orc. You squeeze the orc.
The orc is almost dead.
You constrict the orc.
You kill the orc!
You constrict the orc wizard.
The orc wizard hits you with a +0 dagger.
* * * LOW HITPOINT WARNING * * *
You hit the orc wizard but do no damage.
The orc wizard is moderately wounded.
You constrict the orc wizard.
The orc wizard hits you with a +0 dagger.
You die...

∙∙▒▒∙∙∙▒
▒∙▒▒∙∙∙▒
▒∙)▒▒∙▒▒
▒∙∙▒▒∙▒
▒∙∙∙∙∙▒
▒∙▒▒∙∙▒
▒∙▒▒∙∙▒
▒∙▒▒▒o▒
▒▒▒▒▒∙▒▒▒x▒▒
▒∙∙∙∙∙∙∙∙†)▒
▒∙∙∙∙∙∙∙▒▒∙▒
▒∙∙∙∙∙∙∙▒▒∙▒▒▒
▒∙∙∙∙∙∙∙▒▒∙∙∙▒
▒∙∙∙∙∙∙∙▒▒▒▒∙▒
▒∙∙∙∙∙∙∙▒
▒∙∙∙▒
▒∙∙∙∙∙∙∙▒
▒▒▒o∙∙∙
▒∙∙∙∙∙∙∙▒
∙∙∙∙▒


You could see an orc wizard.

Vanquished Creatures
  A ribbon worm (D:1)
  2 orcs (D:3)
  4 bats
  8 endoplasms
  2 giant cockroaches (D:1)
  A goblin (D:1)
  A hobgoblin (D:1)
  3 jackals (D:1)
  3 ball pythons
  2 frilled lizards (D:1)
  9 kobolds
  4 rats
40 creatures vanquished.

Notes
Turn   | Place    | Note
-------+----------+-------------------------------------------
     0 | D:1      | Zeor the Octopode Alchemist began the quest for the Orb.
     0 | D:1      | Reached XP level 1. HP: 11/11 MP: 3/3
     1 | D:1      | Found a runed translucent door.
   132 | D:1      | Reached XP level 2. HP: 17/17 MP: 3/5
   180 | D:1      | Reached skill level 4 in Alchemy
   188 | D:1      | Learned a level 2 spell: Mercury Vapours
   467 | D:1      | Found a faded altar of an unknown god.
   751 | D:1      | Reached XP level 3. HP: 16/21 MP: 1/6
   761 | D:1      | HP: 1/21 [frozen (3)]
  1161 | D:2      | Learned a level 3 spell: Mephitic Cloud
  1419 | D:2      | Identified the +0 helmet of Elyvilon's Indignation {Will+}
  1734 | D:3      | Slain by an orc wizard

Illustrated notes

Levels and vault maps discovered:
D:1:      dpeg_arrival_caged_fury, layout_loops_ring,
          dreamdust_ecumenical_altar_grove
D:2:      layout_basic
D:3:      layout_basic, minivault_23

Skill      XL: |  1  2  3 |
---------------+----------+-----
Alchemy        | 4 |  4.5
Stealth        | 3 |  3.0
Fighting       | |  0.1
Dodging        | |  2.0
Spellcasting   | |  2.2
Conjurations   | |  1.2
Air Magic      | |  0.1

Action                     || total
---------------------------++-------
  Melee: Unarmed           ||     8
         Constrict         ||    12
         Short sword       ||    46
         Tentacles         ||    13
   Cast: Sting             ||    29
         Mercury Vapours   ||     6
    Use: Scroll            ||     5
         Potion            ||     1
   Stab: Sleeping          ||     2
 Armour: Skin              ||    21
  Dodge: Dodged            ||    30
